 Dungeon Crawl Stone Soup version 0.23.2-1-ga50397a6bc (webtiles) character file.

Game seed: 11065131675012621663

575 Mrkan the Cudgeler (level 7, -10/66 HPs)
             Began as a Troll Monk on May 27, 2019.
             Was a Priest of Okawaru.
             Mangled by an ogre
             ... wielding a +0 giant club
              (23 damage)
             ... on level 5 of the Dungeon.
             The game lasted 00:06:29 (3138 turns).

Mrkan the Cudgeler (Troll Monk)                     Turns: 3138, Time: 00:06:29

Health: -10/66     AC:  6    Str: 20    XL:     7   Next: 12%
Magic:  6/6        EV: 10    Int:  6    God:    Okawaru [***...]
Gold:   238        SH:  0    Dex: 14    Spells: 6/6 levels left

rFire    . . .     SeeInvis .   p - +0 giant spiked club
rCold    . . .     Gourm    +   (shield currently unavailable)
rNeg     . . .     Faith    .   b - +0 robe
rPois    .         Spirit   .   (helmet restricted)
rElec    .         Reflect  .   (no cloak)
rCorr    .         Harm     .   (gloves unavailable)
MR       .....                  (boots unavailable)
Stlth    ++........             (no amulet)
HPRegen  0.61/turn              (no ring)
MPRegen  0.10/turn              (no ring)

@: no status effects
A: large, unfitting armour, claws 3, fast metabolism 3, gourmand, regeneration
1, shaggy fur 1, tough skin 3
a: Heroism, Renounce Religion


You were on level 5 of the Dungeon.
You worshipped Okawaru.
Okawaru was most pleased with you.
You were very full.

You visited 1 branch of the dungeon, and saw 5 of its levels.

You collected 238 gold pieces.

Inventory:

Hand Weapons
 a - a +0 mace
 p - a +0 giant spiked club (weapon)
Missiles
 o - 3 javelins of penetration (quivered)
Armour
 b - a +0 robe (worn)
Jewellery
 n - a +3 ring of dexterity {unknown}
Scrolls
 d - 4 scrolls of identify {unknown}
 f - a scroll of magic mapping {unknown}
 g - a scroll of immolation {unknown}
 i - 4 scrolls of random uselessness {unknown}
 j - 3 scrolls of teleportation {unknown}
 k - a scroll of enchant armour {unknown}
 l - a scroll of remove curse {unknown}
 m - a scroll of fear {unknown}
Potions
 e - 3 potions of curing
 h - 2 potions of flight {unknown}
 r - 2 potions of mutation {unknown}
Comestibles
 c - 8 rations


   Skills:
 - Level 2.4 Fighting
 * Level 7.5 Maces & Flails
 - Level 2.4 Dodging
 - Level 1.0 Stealth


You had 6 spell levels left.
You didn't know any spells.
Your spell library contained the following spells:

 Spells                   Type           Power        Failure   Level  Hunger
 Summon Small Mammal      Summ           #...         45%         1    ##.....
 Call Imp                 Summ           #.......     58%         2    ###....
 Call Canine Familiar     Summ           #.......     83%         3    ####...
 Summon Guardian Golem    Hex/Summ       #.......     83%         3    ####...
 Summon Ice Beast         Ice/Summ       #.......     99%         4    #####..
 Summon Lightning Spire   Summ/Air       #.......     99%         4    #####..


Dungeon Overview and Level Annotations

Branches:
Dungeon (5/15)
 Temple: D:4-7

Altars:
Okawaru
Uskayaw


Innate Abilities, Weirdness & Mutations

You are too large for most types of armour.
You have claws for hands.
Your metabolism is lightning-fast.
You like to eat raw meat.
Your natural rate of healing is unusually fast.
You are covered in fur. (AC +1)
You have extremely tough skin. (AC +3)


Message History

The scorpion stings you but does no damage.
The scorpion stings you.
You feel sick.
You feel sick.
You feel sick.
You see here a dagger.
You feel sick.
Found a ration.
You feel sick.
You feel sick.
You feel sick.
You feel better. The ogre hits you with a +0 giant club!
You hit the ogre.
The ogre is moderately wounded.
The ogre hits you with a +0 giant club!
* * * LOW HITPOINT WARNING * * *
You puncture the ogre!
The ogre is heavily wounded.
The ogre hits you with a +0 giant club!!
You die...

... # ... # #'# #
#.####### # #.......#
# #.......# #
#.......# #
##.########.......# #
#.%...@Osh).......#
#..#########......####
#.....'......'..#
#.#####......##.#
#########.# #.# #.#
#.# #.#


You could see an ogre, a scorpion and a jackal.

Vanquished Creatures
  Duvessa (D:5)
  An ogre (D:5)
  A scorpion (D:5)
  Dowan (D:5)
  A crimson imp (D:5)
  A jelly (D:5)
  An orc priest (D:4)
  A hound (D:4)
  An iguana (D:5)
  3 worker ants
  3 adders
  An ooze (D:2)
  A worm (D:2)
  5 orcs
  4 bats
  A giant cockroach (D:2)
  4 goblins
  2 hobgoblins (D:1)
  A jackal (D:5)
  6 kobolds (D:1)
  3 quokkas
  A ball python (D:5)
  A frilled lizard (D:1)
  2 leopard gecko skeletons (D:5)
  A quokka skeleton (D:4)
  4 rats (D:1)
52 creatures vanquished.

Notes
Turn   | Place    | Note
-------+----------+-------------------------------------------
     0 | D:1      | Mrkan the Troll Monk began the quest for the Orb.
     0 | D:1      | Reached XP level 1. HP: 22/22 MP: 0/0
    74 | D:1      | Reached skill level 3 in Maces & Flails
   142 | D:1      | Reached XP level 2. HP: 26/29 MP: 1/1
   691 | D:2      | Reached XP level 3. HP: 36/36 MP: 2/2
  1046 | D:2      | Reached skill level 4 in Maces & Flails
  1399 | D:3      | You fall through a shaft!
  1432 | D:4      | Found an iron altar of Okawaru.
  1439 | D:4      | Became a worshipper of Warmaster Okawaru
  1439 | D:4      | Reached * piety under Okawaru
  1439 | D:4      | Reached ** piety under Okawaru
  1457 | D:4      | Reached XP level 4. HP: 9/44 MP: 3/3
  1840 | D:4      | Reached skill level 5 in Maces & Flails
  2078 | D:4      | Reached XP level 5. HP: 30/50 MP: 4/4
  2357 | D:5      | Entered Level 5 of the Dungeon
  2619 | D:5      | Reached skill level 6 in Maces & Flails
  2653 | D:5      | Reached XP level 6. HP: 3/59 MP: 5/5
  2859 | D:5      | Found a hide-covered altar of Uskayaw.
  2921 | D:5      | Noticed Duvessa
  2921 | D:5      | Noticed Dowan
  2924 | D:5      | Killed Dowan
  2924 | D:5      | Reached skill level 7 in Maces & Flails
  2932 | D:5      | Killed Duvessa
  2932 | D:5      | Reached XP level 7. HP: 25/66 MP: 6/6
  3051 | D:5      | Reached *** piety under Okawaru
  3138 | D:5      | Mangled by an ogre

Skill      XL: |  1  2  3  4  5  6 |
---------------+-------------------+-----
Maces & Flails | 3 4 5 6 7 |  7.5
Fighting       | |  2.4
Dodging        | |  2.4
Stealth        | |  1.0

Action                   |  1- 3 |  4- 6 |  7- 9 || total
-------------------------+-------+-------+-------++-------
Melee: Unarmed           |   109 |   100 |       ||   209
       Giant spiked club |       |    14 |    13 ||    27
Invok: Heroism           |       |     1 |       ||     1
  Use: Potion            |       |     1 |     1 ||     2
 Stab: Sleeping          |     4 |     1 |       ||     5
  Eat: Chunk             |    12 |    11 |     6 ||    29
       Ration            |       |     1 |       ||     1
Armor: Robe              |    41 |    33 |     3 ||    77
Dodge: Dodged            |    63 |    62 |     6 ||   131
